 Dungeon Crawl Stone Soup version 0.19-a0-1111-gcceb26a (webtiles) character file.

2472 magipi the Carver (level 9, -5/55 HPs)
             Began as a Tengu Berserker on Aug 11, 2016.
             Was an Elder of Trog.
             Slain by an ogre
             ... wielding a +0 giant spiked club
              (25 damage)
             ... on level 7 of the Dungeon.
             The game lasted 00:21:44 (6215 turns).

magipi the Carver (Tengu Berserker)                 Turns: 6215, Time: 00:21:45

Health: -5/55      AC: 13    Str: 17    XL:     9   Next: 51%
Magic:  14/14      EV:  8    Int: 14    God:    Trog [****..]
Gold:   357        SH:  0    Dex: 15    Spells: 0 memorised, 8 levels left

rFire  . . .     SeeInvis .     r - +1 long sword
rCold  . . .     Gourm    .     v - +1 chain mail "Publey" {Int+4}
rNeg   . . .     Faith    .     (no shield)
rPois  +         Spirit   .     o - +2 hat
rElec  .         Dismiss  .     F - +0 cloak
rCorr  .         Reflect  .     l - +0 pair of gloves
SustAt .         Harm     .     (boots unavailable)
MR     +....                    (no amulet)
Stlth  ..........               p - ring of poison resistance
                                m - ring of protection from magic

@: exhausted, slowed, very slow
A: beak, talons 3, able to fly 1
a: Fly, Berserk, Trog's Hand, Brothers in Arms, Burn Spellbooks, Renounce
Religion


You were on level 7 of the Dungeon.
You worshipped Trog.
Trog was greatly pleased with you.
You were not hungry.

You visited 1 branch of the dungeon, and saw 7 of its levels.
You also visited: Ossuary.

You collected 357 gold pieces.

Notes
Turn   | Place    | Note
-------+----------+-------------------------------------------
     0 | D:1      | magipi the Tengu Berserker began the quest for the Orb.
     0 | D:1      | Reached XP level 1. HP: 14/14 MP: 2/2
   178 | D:1      | Reached XP level 2. HP: 13/19 MP: 3/3
   303 | D:1      | Reached skill level 4 in Long Blades
   740 | D:2      | Reached ** piety under Trog
   785 | D:2      | Reached XP level 3. HP: 19/23 MP: 4/4
   812 | D:2      | Found a shattered altar of Ashenzari.
  1363 | D:2      | Reached skill level 5 in Long Blades
  1671 | D:2      | Reached XP level 4. HP: 26/28 MP: 5/5
  1793 | D:2      | Found a deep blue altar of Sif Muna.
  1803 | D:2      | Found an oddly glowing altar of Pakellas.
  1806 | D:2      | Found a burning altar of Makhleb.
  2010 | D:3      | Reached skill level 6 in Long Blades
  2019 | D:2      | HP: 1/28 [poisoned by an adder]
  2262 | D:3      | Noticed Xiguana's ghost (amateur TeCj)
  2269 | D:3      | Killed Xiguana's ghost
  2269 | D:3      | Gained mutation: You can fly. [Tengu growth]
  2269 | D:3      | Reached XP level 5. HP: 32/32 MP: 6/6
  2422 | D:3      | Reached *** piety under Trog
  2466 | D:3      | Reached skill level 7 in Long Blades
  2781 | D:3      | Reached XP level 6. HP: 35/37 MP: 7/7
  3003 | D:4      | Got a faintly humming chain mail
  3374 | D:4      | Reached skill level 8 in Long Blades
  3419 | D:4      | Reached XP level 7. HP: 39/41 MP: 8/8
  3571 | D:4      | Noticed Pikel
  3599 | D:4      | Killed Pikel
  3599 | D:4      | Reached skill level 10 in Long Blades
  3599 | D:4      | Reached XP level 8. HP: 34/46 MP: 9/9
  3871 | D:5      | Entered Level 5 of the Dungeon
  4049 | D:5      | Reached skill level 11 in Long Blades
  4131 | D:5      | Reached skill level 1 in Evocations
  4447 | D:5      | Reached **** piety under Trog
  4970 | D:6      | Noticed Edmund
  4985 | D:6      | Killed Edmund
  4985 | D:6      | Reached skill level 5 in Fighting
  4985 | D:6      | Reached XP level 9. HP: 54/54 MP: 12/12
  5350 | D:6      | Identified the cursed +1 chain mail "Publey" {Int+4} (You found it on level 4 of the Dungeon)
  5537 | D:6      | Found a hazy altar of Hepliaklqana.
  5537 | D:6      | Found a sacrificial altar of Ru.
  5642 | D:7      | Found a sand-covered staircase.
  5648 | Ossuary  | Entered an ossuary
  6166 | D:7      | Found a white marble altar of Elyvilon.
  6202 | D:7      | Reached skill level 5 in Evocations
  6215 | D:7      | Slain by an ogre

Inventory:

Hand Weapons
 a - a +0 falchion
 r - a +1 long sword (weapon)
Missiles
 w - 17 poisoned needles
 D - 8 tomahawks (quivered)
Armour
 l - a +0 pair of gloves (worn)
 o - a +2 hat (worn)
 v - the +1 chain mail "Publey" (worn) {Int+4}
   (You found it on level 4 of the Dungeon)

   It affects your intelligence (+4).
 F - a +0 cloak (worn)
Jewellery
 m - a ring of protection from magic (left hand)
 p - a ring of poison resistance (right hand)
Wands
 j - a wand of paralysis (9/24)
 A - a wand of polymorph (14/24)
 C - a wand of disintegration (7/24)
 E - a wand of teleportation (4/9)
Scrolls
 g - a scroll of enchant weapon
 q - 2 scrolls of fear
 s - a scroll of remove curse
 u - 2 scrolls of identify
 x - a scroll of teleportation {unknown}
 y - a scroll of magic mapping
Potions
 d - 5 potions of curing
 e - a potion of haste {unknown}
 f - 2 potions of ambrosia
 i - 2 potions of cure mutation
 k - a potion of flight {unknown}
 n - a potion of brilliance {unknown}
 t - 2 potions of might {unknown}
 z - 2 potions of cancellation {unknown}
 B - 2 potions of magic {unknown}
 G - 2 potions of invisibility {unknown}
 H - 2 potions of agility {unknown}
Books
 h - a book of Summonings

   Spells                             Type                      Level
   a - Recall                         Summoning/Translocation      3
   b - Aura of Abjuration             Summoning                    5
   c - Summon Demon                   Summoning                    5
   d - Summon Forest                  Summoning/Translocation      5
   e - Summon Mana Viper              Hexes/Summoning              5
   f - Shadow Creatures               Summoning                    6
   Trog disapproves of the use of such an item.
Comestibles
 b - 3 meat rations
 c - 2 bread rations


   Skills:
 + Level 6.3 Fighting
 - Level 11.0 Long Blades
 - Level 2.1 Armour
 - Level 2.1 Dodging
 + Level 5.4 Evocations


You had 8 spell levels left.
You didn't know any spells.

Dungeon Overview and Level Annotations

Branches:
Dungeon (7/15)
 Temple: D:4-7

Altars:
Ashenzari
Elyvilon
Hepliaklqana
Makhleb
Pakellas
Ru
Sif Muna


Innate Abilities, Weirdness & Mutations

You have a beak for a mouth.
You have claws for feet.
You can fly.

Vault maps used:
D:1:      minmay_arrival_solitary_statue, minmay_door_square, glass_columns_b
D:2:      minmay_overflow_temple_star_quad, first_bread, fountainhead,
          evilmike_ruin_ashenzari
D:4:      uniq_pikel
D:5:      nicolae_overflow_hidden_temple, st_stairs_3
D:6:      gammafunk_temple_overflow_elements, uniq_edmund
D:7:      old_standard_altar, marbit_many_paths, nicolae_ossuary_entry_plus,
          serial_shops, shop_coins, nicolae_shop_waterfront,
          kennysheep_mini_moat, nicolae_shop_temple_entry_statues_fountains,
          shop, basic_altar, grunt_livestock
Ossuary:  ossuary_minmay_tomb_2a


Message History

Found 17 gold pieces.
Found a white marble altar of Elyvilon.
Found 18 gold pieces and a scroll of amnesia.
There is an open door here.
Okay, then.
Unknown command.
You closely miss the orc. You claw the orc, but do no damage.
The orc barely misses you.
You riposte.
You slash the orc!
You kill the orc!
Trog accepts your kill.
You hit the shadow imp. You peck the shadow imp.
The shadow imp is heavily wounded.
The shadow imp hits you.
You barely miss the shadow imp. You claw the shadow imp.
You peck the shadow imp, but do no damage.
The shadow imp is severely wounded.
The shadow imp hits you but does no damage.
You closely miss the shadow imp.
The shadow imp is severely wounded.
The shadow imp closely misses you.
You riposte.
You hit the shadow imp.
The shadow imp is almost dead.
Unknown command.
An orc opens the door.
An orc wizard comes into view. It is wielding a dagger.
Found a stone staircase leading down.
The shadow imp hits you but does no damage.
You slash the shadow imp!
You kill the shadow imp!
Trog accepts your kill.
You closely miss the orc. Your peck misses the orc.
The orc hits you but does no damage.
You barely miss the orc. You claw the orc, but do no damage.
Your peck misses the orc. The orc hits you but does no damage.
You slash the orc!
You kill the orc!
Trog accepts your kill.
A red film seems to cover your vision as you go berserk!
You feel yourself moving faster!
You feel mighty!
You feel somewhat more hungry.
You feel a strong urge to attack something.
Unknown command.
You slash the orc priest! You peck the orc priest!
The orc priest is almost dead.
The orc warrior barely misses you.
The orc priest hits you but does no damage.
Unknown command.
You slice the orc priest!!
You kill the orc priest!
Trog accepts your kill. The orc barely misses you.
Unknown command.
You slash the orc warrior! Your kick misses the orc warrior.
You peck the orc warrior!
You kill the orc warrior!
Trog accepts your kill.
Your Fighting skill increases to level 6!
Your Evocations skill increases to level 5!
You hit the orc. You claw the orc. You peck the orc.
You kill the orc!
Trog accepts your kill.
Unknown command.
The orc wizard shouts!
You hit the orc warrior but do no damage.
You claw the orc warrior! You peck the orc warrior.
The orc warrior is moderately wounded.
Unknown command.
You slash the orc warrior! Your kick misses the orc warrior.
The orc warrior is severely wounded.
The orc wizard hits you but does no damage.
Things that are here:
a mace; a ring mail; an orc corpse Unknown command.
You slash the orc warrior! You peck the orc warrior.
You kill the orc warrior!
Trog accepts your kill.
Unknown command.
You hit the orc wizard. You claw the orc wizard!
You kill the orc wizard!
Trog accepts your kill.
Trog appreciates your killing of a magic user.
You slice the orc wizard!!
You kill the orc wizard!
Trog accepts your kill.
Trog appreciates your killing of a magic user.
You are no longer berserk.
Trog's vigour flows through your veins.
You are exhausted.
You feel yourself slow down.
Items here: )) [[ a dagger; a robe; a dagger; a robe You slash the ogre!
You peck the ogre.
The ogre is heavily wounded.
The ogre hits you with a giant spiked club!
You barely miss the ogre. You peck the ogre.
The ogre is heavily wounded.
The ogre hits you with a giant spiked club!
Unknown command.
Things that are here:
a mace; a ring mail; an orc corpse The ogre hits you with a giant spiked club!!
You die...

...#.#.#..... ..$.[....#
..## ..#'#....#### ##...
. #o#.o.....####...###
###.###o..........>..
o...o.oO###.####...####.
###o###.# #.# #.........
..#o#...# #.# #.........
..#'#...###.# #.@.#
!...........####O##
..####...##...)))# #.#
############# ..# ###
#### ...###


You could see an ogre.

Vanquished Creatures
  Pikel (D:4)
  Edmund (D:6)
  2 orc warriors (D:7)
  A phantom (D:5)
  3 ogres
  An elf zombie (Ossuary)
  The ghost of Xiguana the Conjurer, an amateur TeCj (D:3)
  2 giant frogs (D:6)
  2 scorpions (D:5)
  A howler monkey (D:4)
  A crimson imp (D:5)
  2 giant frog zombies
  5 hounds
  5 orc priests
  A jelly (D:6)
  2 giant frog skeletons (D:5)
  3 orc wizards
  4 worker ants
  2 big kobold zombies (Ossuary)
  2 hound zombies (Ossuary)
  4 mummies (Ossuary)
  8 adders
  2 shadow imps
  An adder zombie (D:6)
  2 worms (D:3)
  A dart slug (D:1)
  22 orcs
  5 giant cockroaches
  A gnoll zombie (Ossuary)
  5 goblins
  5 hobgoblins
  9 jackals (D:2)
  2 quokkas
  A ball python (D:1)
  7 bats
  A giant gecko skeleton (D:5)
  6 giant newts
  4 goblin zombies (Ossuary)
  A hobgoblin zombie (Ossuary)
  8 kobolds
  An orc zombie (Ossuary)
  7 rats
145 creatures vanquished.

Action                   |  1- 3 |  4- 6 |  7- 9 || total
-------------------------+-------+-------+-------++-------
Melee: Falchion          |   142 |   118 |    28 ||   288
       Kick              |    27 |    37 |   100 ||   164
       Peck              |    14 |    26 |    71 ||   111
       Long sword        |       |       |   269 ||   269
Invok: Berserk           |     1 |     4 |     4 ||     9
  Use: Scroll            |     3 |     2 |    12 ||    17
       Potion            |       |     1 |       ||     1
  Eat: Chunk             |     4 |     5 |     7 ||    16
       Beef jerky        |       |     2 |       ||     2
       Fruit             |       |       |     4 ||     4
       Meat ration       |       |       |     1 ||     1
Armor: Animal skin       |     4 |       |       ||     4
       Scale mail        |    38 |    35 |    49 ||   122
       Chain mail        |       |       |    61 ||    61
Dodge: Dodged            |    49 |    35 |    90 ||   174

Action                   |  1- 3 |  4- 6 |  7- 9 || total
-------------------------+-------+-------+-------++-------
Melee: Falchion          |   142 |   118 |    28 ||   288
       Kick              |    27 |    37 |   100 ||   164
       Peck              |    14 |    26 |    71 ||   111
       Long sword        |       |       |   269 ||   269
Invok: Berserk           |     1 |     4 |     4 ||     9
  Use: Scroll            |     3 |     2 |    12 ||    17
       Potion            |       |     1 |       ||     1
  Eat: Chunk             |     4 |     5 |     7 ||    16
       Beef jerky        |       |     2 |       ||     2
       Fruit             |       |       |     4 ||     4
       Meat ration       |       |       |     1 ||     1
Armor: Animal skin       |     4 |       |       ||     4
       Scale mail        |    38 |    35 |    49 ||   122
       Chain mail        |       |       |    61 ||    61
Dodge: Dodged            |    49 |    35 |    90 ||   174
